Map: Dusk Towers

Players

Miszu - Winner!

  • Race: Terran Terran
  • League: Master

Marsman

  • Race: Protoss Protoss
  • League: Master

VOD

Have the link to the VOD?

Description

Time

  • Played on: March 29, 2016, 3:46 p.m.
  • Length: 15:50
Show
View Real Time Build Order
Export as new Build Order

Miszu Terran - Winner!

Build Orders: Command Center First (CC), MMM Bio 

Get SALT Encoding   

  12  0:01  SCV  
  13  0:13  SCV  
  14  0:17  Supply Depot  
  14  0:25  SCV  
  15  0:39  SCV  
  16  0:51  SCV  
  17  1:00  Command Center  
  17  1:03  SCV  
  18  1:15  SCV  
  18  1:17  Barracks  
  19  1:27  SCV  
  19  1:29  Barracks  
  20  1:39  SCV  
  21  1:43  Barracks  
  21  1:56  SCV  
  22  2:03  Marine  
  23  2:08  Orbital Command  
  23  2:12  Orbital Command  
  23  2:18  Marine  
  23  2:21  Marine  
  25  2:30  Marine  
  25  2:34  Refinery x2, SCV  
  25  2:36  Marine  
  28  2:39  Marine  
  28  2:40  SCV  
  30  2:47  SCV  
  30  2:49  Supply Depot  
  30  2:51  Marine  
  32  2:52  SCV  
  32  2:54  Marine  
  34  2:59  SCV  
  34  3:04  SCV  
  37  3:06  Barracks Tech Lab  
  37  3:11  Marine, SCV  
  37  3:12  Marine  
  39  3:13  Supply Depot  
  39  3:17  SCV  
  40  3:24  Marine, SCV  
  40  3:26  Stimpack  
  42  3:29  Marine, SCV  
  42  3:30  Supply Depot, Marine  
  45  3:36  SCV  
  45  3:41  SCV  
  47  3:42  Marine  
  47  3:46  Marine  
  49  3:48  SCV  
  49  3:51  Refinery  
  49  3:52  Factory  
  49  3:53  SCV  
  51  3:57  Supply Depot  
  51  4:00  SCV  
  52  4:03  Marine, Marauder  
  52  4:05  SCV  
  56  4:10  Engineering Bay  
  56  4:13  SCV  
  56  4:16  Barracks Reactor  
  56  4:17  SCV  
  56  4:20  Supply Depot  
  56  4:23  Barracks Tech Lab  
  57  4:25  SCV  
  57  4:29  SCV  
  59  4:36  Command Center  
  59  4:37  SCV  
  60  4:40  Refinery  
  60  4:41  SCV  
  60  4:43  Starport, Factory Reactor  
  61  4:47  Terran Infantry Weapons Level 1  
  61  4:49  SCV  
  62  4:53  SCV  
  62  4:54  Missile Turret  
  62  4:56  Missile Turret  
  62  4:57  Marauder  
  62  4:59  Marauder  
  67  5:01  SCV  
  67  5:04  Supply Depot  
  68  5:10  Marine x2  
  68  5:12  Liberator x2  
  68  5:13  SCV  
  71  5:18  Marine, Barracks  
  71  5:19  Barracks  
  72  5:25  SCV x2  
  80  5:37  SCV x2  
  80  5:38  Supply Depot  
  80  5:41  Marauder  
  80  5:42  Combat Shields  
  84  5:45  Concussive Shells  
  84  5:49  SCV, Orbital Command  
  85  5:50  SCV  
  85  5:55  Marine  
  87  6:01  SCV  
  87  6:02  SCV  
  89  6:06  Supply Depot  
  89  6:08  Supply Depot, Barracks Reactor, Barracks Tech Lab  
  89  6:11  Marine x2  
  89  6:12  Marine, Medivac  
  89  6:13  Marine, SCV  
  89  6:14  SCV  
  97  6:19  Medivac  
  97  6:23  SCV  
  97  6:24  Supply Depot  
  100  6:25  SCV  
  100  6:26  SCV  
  100  6:28  Marauder  
  100  6:29  Marine  
  100  6:31  Supply Depot  
  105  6:34  Refinery x2  
  105  6:35  SCV  
  105  6:36  Marine x2, Marauder  
  105  6:38  SCV  
  111  6:45  SCV  
  111  6:46  Marine  
  113  6:47  Marine, Medivac  
  113  6:49  Medivac  
  113  6:50  Marauder  
  117  6:57  Marauder  
  117  6:58  Marine x2, Marauder  
  117  6:59  SCV x2  
  117  7:00  SCV  
  126  7:02  Supply Depot  
  126  7:04  Supply Depot, Marine  
  126  7:05  Marine, Terran Infantry Armor Level 1  
  123  7:24  Marine, Marauder  
  123  7:27  Liberator x2  
  118  7:31  Marauder  
  118  7:37  Marauder  
  114  7:49  Starport, Marine, Marauder  
  121  7:52  Marauder  
  121  7:53  Command Center  
  121  7:56  Marine x3  
  121  7:58  Marauder  
  128  8:05  SCV  
  128  8:06  Marine  
  128  8:07  Supply Depot  
  128  8:12  SCV  
  131  8:13  SCV  
  131  8:15  Marine  
  131  8:16  Marine x2, Marauder, Liberator  
  131  8:18  SCV  
  138  8:21  Marine, Marauder  
  138  8:22  Liberator  
  138  8:24  SCV  
  138  8:25  Fusion Core, SCV  
  143  8:27  Engineering Bay, Armory  
  143  8:30  SCV  
  143  8:32  Supply Depot  
  147  8:34  Supply Depot, Starport Tech Lab  
  147  8:36  SCV  
  147  8:41  Marauder x2  
  155  8:43  Liberator  
  155  8:46  Marauder  
  155  8:47  SCV x2  
  156  8:49  Marine  
  157  8:59  Liberator  
  160  9:03  Marine x2  
  160  9:04  Marine x2, Marauder  
  160  9:07  Marine  
  169  9:19  Terran Infantry Weapons Level 2  
  169  9:22  Marauder  
  169  9:23  Advanced Ballistics  
  171  9:25  Terran Infantry Armor Level 2  
  171  9:31  SCV x3  
  174  9:34  SCV  
  175  9:40  Liberator x2  
  175  9:43  SCV x3  
  175  9:44  Missile Turret  
  135  9:46  SCV  
  135  9:47  Marauder, Liberator  
  129  9:55  SCV  
  129  9:58  Marine x5, Marauder  
  143  10:08  Marine  
  143  10:13  Barracks  
  144  10:15  Marine, Barracks x2  
  144  10:16  Supply Depot, Marine x4  
  144  10:19  Marine  
  150  10:22  Liberator x2  
  150  10:23  Planetary Fortress  
  150  10:24  Refinery  
  150  10:25  Refinery  
  150  10:27  Marauder  
  150  10:28  SCV  
  153  10:33  Marine  
  153  10:34  Marine  
  153  10:35  Marine, Marauder  
  164  10:48  Liberator  
  158  11:03  Barracks Tech Lab x2  
  157  11:04  Barracks Reactor, Marine  
  157  11:05  Marine x4, Marauder, Liberator  
  157  11:10  Sensor Tower, Marauder  
  169  11:11  Command Center  
  169  11:22  Marine  
  169  11:23  Marauder  
  174  11:40  Marine x2, Marauder x2  
  174  11:41  Marauder  
  182  11:55  Marauder  
  182  11:56  Marauder  
  186  12:06  Ghost Academy  
  186  12:07  Barracks  
  186  12:08  Barracks x2  
  183  12:46  Medivac x3  
  189  13:01  Marauder  
  191  13:10  Terran Infantry Weapons Level 3, Terran Infantry Armor Level 3, Barracks x2  
  191  13:11  Barracks x2  
  188  13:16  Medivac x3  
  186  13:25  Marine x9, Marauder x2  
  115  13:42  Planetary Fortress  
  115  13:43  Marine x6  
  115  13:46  Medivac x2  
  132  13:49  Ghost  
  132  13:50  Ghost  
  132  13:52  Barracks Tech Lab x3  
  132  13:53  Ghost  
  132  13:54  Ghost  
  132  13:55  Ghost  
  134  13:59  Barracks Tech Lab x2  
  134  14:00  Barracks Reactor, Marine  
  134  14:01  Barracks Reactor, Marine x5  
  141  14:07  SCV x2  
  141  14:08  SCV x2  
  145  14:10  Marauder, Missile Turret  
  147  14:18  Marine, Marauder  
  147  14:19  Marine x2, Marauder x2, SCV  
  147  14:20  SCV  
  147  14:23  Marauder  
  160  14:26  Ghost x3  
  160  14:27  Marauder  
  160  14:28  Marauder  
  160  14:30  Marine  
  171  14:31  Marauder  
  173  14:40  Marauder  
  173  14:41  Marauder x2  
  173  14:42  Marine  
  173  14:43  Marine x8  
  173  14:44  Marauder  
  197  14:48  Marine  
  197  14:49  Marauder  
  197  14:56  Ghost  
  197  14:57  Marine  
  190  15:08  Marine  
  190  15:09  Marine x11  
  181  15:23  Marine x5, Marauder x2  
  181  15:25  Marine  
  181  15:26  Marine  
  181  15:27  Marine x10, Marauder  
Show
View Real Time Build Order
Export as new Build Order

Marsman Protoss 

Build Orders: 1 Gate Expand, Double Forge, Blink Stalkers 

Get SALT Encoding   

  12  0:00  Probe (Chrono Boost)  
  13  0:11  Probe (Chrono Boost)  
  14  0:17  Pylon  
  14  0:22  Probe (Chrono Boost)  
  15  0:36  Probe (Chrono Boost)  
  15  0:37  Gateway  
  15  0:41  Assimilator  
  16  0:46  Probe (Chrono Boost)  
  18  0:57  Probe (Chrono Boost)  
  18  1:07  Probe (Chrono Boost)  
  19  1:22  Nexus  
  19  1:25  Probe (Chrono Boost)  
  20  1:33  Cybernetics Core  
  20  1:36  Probe (Chrono Boost)  
  21  1:42  Assimilator  
  22  1:47  Probe (Chrono Boost)  
  22  1:53  Pylon  
  22  1:57  Probe (Chrono Boost)  
  23  2:11  Adept, Warp Gate, Probe (Chrono Boost)  
  26  2:22  Probe (Chrono Boost)  
  27  2:26  Robotics Facility  
  27  2:33  Probe (Chrono Boost)  
  27  2:34  Probe (Chrono Boost)  
  29  2:43  Probe (Chrono Boost)  
  30  2:45  Probe (Chrono Boost)  
  31  2:53  Twilight Council  
  31  2:54  Probe (Chrono Boost)  
  31  2:55  Probe (Chrono Boost)  
  33  3:04  Probe (Chrono Boost)  
  34  3:06  Probe (Chrono Boost)  
  34  3:11  Gateway  
  34  3:12  Gateway  
  35  3:15  Observer  
  35  3:17  Probe (Chrono Boost)  
  35  3:18  Probe (Chrono Boost)  
  38  3:27  Probe x2 (Chrono Boost)  
  38  3:29  Blink (Chrono Boost)  
  40  3:36  Mothership Core  
  40  3:39  Probe  
  43  3:50  Pylon  
  43  3:51  Probe  
  43  3:53  Nexus  
  44  3:56  Probe  
  45  4:08  Warp Prism, Assimilator  
  45  4:09  Assimilator, Probe  
  48  4:10  Probe  
  49  4:21  Sentry x2, Probe  
  54  4:25  Pylon  
  54  4:37  Pylon  
  54  4:40  Forge  
  54  4:41  Forge  
  54  4:42  Probe  
  54  4:43  Probe  
  54  4:45  Forge  
  56  4:48  Stalker x2  
  56  4:52  Stalker  
  62  4:54  Probe  
  62  4:56  Observer  
  64  5:00  Pylon  
  64  5:02  Probe  
  64  5:06  Protoss Ground Weapons Level 1 (Chrono Boost), Probe x2  
  65  5:07  Resonating Glaives (Chrono Boost)  
  65  5:11  Protoss Ground Armor Level 1 (Chrono Boost)  
  67  5:15  Probe  
  67  5:18  Probe  
  67  5:21  Observer  
  70  5:24  Adept  
  70  5:25  Probe  
  70  5:27  Probe  
  74  5:29  Pylon  
  74  5:30  Probe  
  74  5:34  Adept x2  
  79  5:37  Probe  
  79  5:39  Probe  
  79  5:41  Pylon  
  81  5:44  Adept  
  81  5:46  Probe  
  81  5:47  Observer  
  85  5:53  Gateway  
  85  5:55  Gateway  
  85  6:00  Stalker x2  
  89  6:05  Probe x2  
  89  6:08  Assimilator  
  89  6:11  Immortal (Chrono Boost), Assimilator  
  95  6:15  Probe  
  96  6:18  Pylon  
  96  6:22  Pylon  
  96  6:24  Stalker  
  96  6:25  Stalker  
  100  6:27  Stalker  
  102  6:38  Probe x2  
  104  6:41  Protoss Ground Armor Level 2, Protoss Ground Weapons Level 2  
  104  6:44  Templar Archives  
  104  6:48  Gateway  
  104  6:51  Gateway  
  104  6:52  Probe  
  104  6:54  Gateway  
  105  6:57  Probe  
  106  7:03  Pylon  
  106  7:07  Stalker x3  
  112  7:12  Pylon  
  110  7:27  Adept x2  
  104  7:32  Adept  
  104  7:33  Adept x2  
  106  7:38  Psionic Storm, Immortal (Chrono Boost)  
  108  7:48  Adept x4  
  112  7:54  Mothership Core, Probe  
  115  7:59  Probe  
  115  8:05  High Templar  
  118  8:06  High Templar  
  118  8:09  Probe  
  121  8:15  Adept x6, Warp Prism  
  121  8:18  Pylon  
  135  8:29  Gateway  
  135  8:30  Pylon  
  135  8:31  Gateway, Pylon  
  135  8:36  Adept x3  
  135  8:37  Stalker x3  
  147  8:50  High Templar x2, Protoss Ground Weapons Level 3, Protoss Ground Armor Level 3  
  151  9:02  Nexus  
  150  9:03  Pylon  
  150  9:10  Pylon  
  150  9:17  Adept x5  
  151  9:20  Pylon  
  151  9:21  Pylon  
  159  9:25  Adept x2  
  127  9:46  Stalker  
  127  9:47  Adept x2, Stalker x3  
  127  9:48  Adept x4  
  133  9:59  Probe  
  134  10:04  Assimilator  
  134  10:08  Assimilator  
  134  10:15  Stargate  
  134  10:16  Stargate  
  134  10:25  High Templar x2, Adept  
  134  10:26  Adept x6  
  152  10:29  Probe x2  
  154  10:44  Immortal  
  158  11:00  Fleet Beacon  
  148  11:05  Adept x7  
  148  11:06  Adept x3  
  148  11:11  Pylon  
  168  11:12  Protoss Shields Level 1  
  168  11:14  Pylon  
  168  11:24  Photon Cannon  
  168  11:25  Phoenix  
  167  11:45  Stargate  
  167  11:46  Tempest  
  171  11:50  Nexus  
  171  11:53  Pylon  
  171  11:54  Adept x3  
  173  11:59  High Templar x2  
  173  12:00  High Templar x2  
  178  12:17  Tempest  
  181  12:31  Adept x6  
  187  12:46  Tempest  
  185  12:53  Stalker x2  
  189  12:59  Tempest  
  191  13:13  Stalker x3  
  145  13:27  Stalker x3  
  145  13:28  Stalker  
  115  13:40  High Templar x4  
  115  13:41  High Templar  
  109  13:42  High Templar  
  109  13:46  Probe x3  
  114  13:50  Archon  
  114  13:55  High Templar x2, Adept x2  
  118  14:00  Probe x2  
  124  14:03  Tempest (Chrono Boost)  
  128  14:10  Tempest (Chrono Boost)  
  132  14:30  Adept x4  
  138  14:37  Adept x3  
  137  14:54  Adept x7  
  151  15:10  Archon  
  151  15:23  Stalker x8  
  161  15:36  Archon  
Tags
 
Add a new tag
Caveats
  • Supply blocks, unpowered buildings, or Contaminate may cause inaccurate times.
  • Supply counts are checked every 10 seconds.